 Dungeon Crawl Stone Soup version 0.31-a0-202-g547052bce9 (webtiles) character file.

Game seed: 4023832476536362214

8200 qw the Markself (level 11, 0/63 HPs)
             Began as a Deep Elf Hunter on June 26, 2023.
             Was a Priest of Okawaru.
             Slain by a yak (3 damage)
             ... on level 8 of the Dungeon.
             The game lasted 00:03:23 (7504 turns).

qw the Markself (Deep Elf Hunter)                   Turns: 7504, Time: 00:03:24

Health: 0/63       AC: 12    Str: 14    XL:     11   Next: 6%
Magic:  14/16      EV: 20    Int: 15    God:    Okawaru [***...]
Gold:   419        SH:  0    Dex: 18    Spells: 10/10 levels left

rFire   . . .        Y - -2 triple crossbow
rCold   + . .        (shield currently unavailable)
rNeg    . . .        c - +5 leather armour "Ecvodgh" {+Blink Will+ Str+2 Stlth-}
rPois   .            (no helmet)
rElec   .            (no cloak)
rCorr   .            h - +0 pair of gloves
SInv    .            g - +1 pair of boots
Will    ++...        (no amulet)
Stlth   ++           f - ring of protection from cold
HPRegen 0.30/turn    (no ring)
MPRegen 0.15/turn

%: no passive effects
@: heroic
A: no striking features
a: Renounce Religion, Evoke Blink, Heroism


You were on level 8 of the Dungeon.
You worshipped Okawaru.
Okawaru was most pleased with you.
You visited 3 branches of the dungeon, and saw 10 of its levels.
You also visited: Ossuary.

You collected 420 gold pieces.
You spent 1 gold pieces at shops.


   Skills:
 - Level 5.0(10.0) Fighting
 + Level 18.4(23.4) Ranged Weapons
 - Level 1.4(6.4) Armour
 - Level 8.1(13.1) Dodging
 - Level 1.2(6.2) Stealth
 - Level 4.3 Invocations


You had 10 spell levels left.
You didn't know any spells.
Your spell library was empty.

Inventory:

Hand Weapons
 Y - a -2 triple crossbow (weapon)
Armour
 c - the +5 leather armour "Ecvodgh" (worn) {+Blink Will+ Str+2 Stlth-}
   (You found it on level 2 of the Dungeon)

   Str:       It affects your strength (+2).
   +Blink:    It lets you blink.
   Will:      It increases your willpower.
   Stlth:     It makes you less stealthy.
 g - a +1 pair of boots (worn)
 h - a +0 pair of gloves (worn)
Jewellery
 f - a ring of protection from cold (left hand)
Wands
 b - a wand of digging (7)
Scrolls
 d - a scroll of identify
Potions
 i - 3 potions of curing
 j - a potion of magic
 k - a potion of brilliance {unknown}
 m - a potion of enlightenment {unknown}
 n - a potion of cancellation {unknown}
 p - a potion of resistance {unknown}

Dungeon Overview and Level Annotations

Branches:
Dungeon (8/15)             Temple (1/1) D:4            Lair (1/5) D:8
Ossuary (visited)

Altars:
Ashenzari
Cheibriados
Dithmenos
Elyvilon
Fedhas
Gozag
Kikubaaqudgha
Makhleb
Nemelex Xobeh
Okawaru
Qazlal
Ru
Sif Muna
Uskayaw
Vehumet
Wu Jian
Xom
Yredelemnul
Zin
The Shining One

Shops:
D:2 [   D:8 *

Annotations:
D:6 1 runed translucent door, Crazy Yiuf
Lair:1 Fannar


Message History

Enter note:
Enter note:
Enter note:
Enter note:
Enter note:
Enter note:
Enter note:
Enter note:
Enter note:
Enter note:
Enter note:
Enter note:
Enter note:
Enter note:
7500 ||| INVOKING Heroism.
You gain the combat prowess of a mighty hero.
The yak closely misses you. The yak barely misses you.
The yak closely misses you. The yak misses you. The yak barely misses you.
The yak closely misses you.
You shoot a bolt.
The bolt hits the yak but does no damage.
The yak is moderately wounded.
The yak gores you but does no damage. The yak closely misses you. x2
The yak misses you. The yak gores you! The yak misses you.
You shoot a bolt. The bolt barely misses the yak.
The bolt hits the plant!!!
The plant begins to die.
The plant is moderately damaged.
The yak closely misses you. The yak gores you.
The yak gores you but does no damage. The yak gores you. The yak misses you.
The yak barely misses you.
You shoot a bolt.
The bolt hits the yak but does no damage.
The yak is moderately wounded.
The yak misses you. The yak gores you! The yak barely misses you.
The yak misses you. The yak closely misses you. The yak gores you.
You shoot a bolt. The bolt barely misses the yak.
The bolt hits the plant!!
The plant is moderately damaged.
A nearby plant withers and dies.
The yak completely misses you. The yak gores you.
You die...

.......## #..P...P..........#####
........###.P..P.PP.PP.##########
...####.......P..P.P...######....
...#######......P.P........##....
.......###...P.P....PP.....##....
######.##..P%.P..P..P......######
#.##P..P..P...P.PP..### ##
#.##..PP..YYPPPPP..P##### #.
#...P.....Y@PPPPPPP.....# #.
###.P.P...YYYP...P.P....###.
##..PP...P..P...........#.
#..PP.P.P.P.P.P.P.....##.
##..PPP..P....P.....#.##.
#...P...PP.P.P..##.#.###
##...P..PP.....###)#.#
#....PP.......# #.#.#
##...........[# #.#.#


You could see 6 yaks.

Vanquished Creatures
  A two-headed ogre (D:8)
  A cyclops (D:7)
  Joseph (D:7)
  Maggie (D:7)
  A komodo dragon (D:8)
  Sigmund (D:6)
  11 yaks
  A wyvern (D:7)
  Eustachio (D:6)
  6 water moccasins
  A sky beast (D:4)
  An ice beast (D:6)
  An orc warrior (D:6)
  A black bear (D:7)
  3 ogres
  4 centaurs (D:7)
  3 phantoms
  3 kobold brigands
  9 bullfrogs
  2 scorpions
  A gnoll sergeant (D:8)
  11 wights
  4 howler monkeys
  3 hounds
  A human zombie (Ossuary)
  A jelly (D:6)
  3 gnoll boudas
  4 orc priests
  3 sleepcaps
  2 iguanas (D:5)
  Ijyb (D:3)
  3 orc wizards
  3 mummies (Ossuary)
  15 gnolls
  8 adders
  A shadow imp (D:7)
  An ufetubus (D:4)
  2 adder zombies (Ossuary)
  24 orcs
  7 endoplasms
  5 giant cockroaches
  7 goblins
  11 hobgoblins
  13 kobolds
  A quokka (D:5)
  8 ball pythons
  4 bats
  3 frilled lizards
  A goblin zombie (Ossuary)
  A hobgoblin zombie (Ossuary)
  3 kobold zombies (Ossuary)
  2 quokka zombies (Ossuary)
  5 rats
  2 rat zombies (Ossuary)
217 creatures vanquished.

Notes
Turn   | Place    | Note
-------+----------+-------------------------------------------
     0 | D:1      | qw the Deep Elf Hunter began the quest for the Orb.
     0 | D:1      | Reached XP level 1. HP: 12/12 MP: 3/3
     0 | D:1      | 0 ||| qw: Version: 0.3-a-22-g0ed2b0b
     0 | D:1      | 0 ||| qw: Game counter: 6319
     0 | D:1      | 0 ||| qw: Melee chars always use a shield: true
     0 | D:1      | 0 ||| qw: God list: Okawaru
     0 | D:1      | 0 ||| qw: Allow faded altars: false
     0 | D:1      | 0 ||| qw: Do Orc after clearing Dungeon:15 true
     0 | D:1      | 0 ||| qw: Do second Lair branch before Depths: true
     0 | D:1      | 0 ||| qw: Lair rune preference: random
     0 | D:1      | 0 ||| qw: Goals: Normal
     0 | D:1      | 0 ||| PLANNING D:1-11
    40 | D:1      | Reached XP level 2. HP: 16/16 MP: 4/4
    41 | D:1      | Reached skill level 6 in Ranged Weapons
   415 | D:1      | Found a faded altar of an unknown god.
   457 | D:1      | 457 ||| UPGRADING to +0 scale mail.
   467 | D:1      | 467 ||| DROPPING +0 leather armour.
   468 | D:1      | 468 ||| UPGRADING to +0 pair of gloves.
   473 | D:1      | 473 ||| READING scroll labelled POFYT JIZISTO.
   474 | D:1      | 474 ||| READING scroll labelled QOTAYNYXI.
   475 | D:1      | 475 ||| READING scroll labelled IQIERR BUELESM.
   507 | D:1      | 507 ||| DROPPING scroll of butterflies.
   518 | D:2      | Found a shimmering altar of Xom.
   519 | D:2      | Found Huhur's Armour Emporium.
   545 | D:2      | 545 ||| SHOPLISTING +0 leather armour "Hanuf" {rF++ Dex+4}
                  | (383 gold, have 41).
   545 | D:2      | 545 ||| SHOPLISTING +0 ring mail (44 gold, have 41).
   545 | D:2      | 545 ||| SHOPLISTING +3 ring mail of the Fifty Beasts
                  | {Dex+3} (355 gold, have 41).
   678 | D:2      | Identified the +5 leather armour "Ecvodgh" {+Blink Will+
                  | Str+2 Stlth-}
   759 | D:2      | Reached XP level 3. HP: 20/20 MP: 5/5
   797 | D:2      | Reached skill level 7 in Ranged Weapons
  1165 | D:2      | 1165 ||| UPGRADING to +0 ring mail.
  1175 | D:2      | 1175 ||| UPGRADING to +5 leather armour "Ecvodgh" {+Blink
                  | Will+ Str+2 Stlth-}.
  1185 | D:2      | 1185 ||| DROPPING +0 ring mail.
  1186 | D:2      | 1186 ||| DROPPING +0 scale mail.
  1187 | D:2      | 1187 ||| DROPPING +6 ring of intelligence.
  1188 | D:2      | 1188 ||| DROPPING ring of wizardry.
  1189 | D:2      | 1189 ||| READING scroll labelled DEUFEWKABOQ.
  1189 | D:2      | Identified a scroll of acquirement
  1189 | D:2      | 1189 ||| ACQUIRING +1 longbow of freezing
  1189 | D:2      | Acquired a +1 longbow of freezing
  1191 | D:2      | 1191 ||| SWAPPING to +1 longbow of freezing.
  1192 | D:2      | 1192 ||| DROPPING +0 shortbow.
  1193 | D:2      | 1193 ||| READING scroll labelled URUYM YFEIJ.
  1359 | D:3      | Found a white marble altar of Elyvilon.
  1371 | D:3      | 1371 ||| FLEEEEING.
  1403 | D:3      | Noticed Ijyb
  1404 | D:3      | 1404 ||| FLEEEEING.
  1410 | D:3      | Killed Ijyb
  1411 | D:3      | Reached XP level 4. HP: 25/25 MP: 6/6
  1791 | D:3      | Reached skill level 8 in Ranged Weapons
  2001 | D:3      | 2001 ||| UPGRADING to +1 pair of boots.
  2006 | D:3      | 2006 ||| READING scroll labelled OLAATOILIA.
  2007 | D:3      | 2007 ||| READING 2 scrolls labelled QATESHRIGAH.
  2191 | D:4      | Noticed a phantom
  2202 | D:4      | Killed a phantom
  2203 | D:4      | Reached XP level 5. HP: 22/29 MP: 7/7
  2250 | D:4      | Found a staircase to the Ecumenical Temple.
  2251 | D:4      | 2251 ||| PLANNING TEMPLE
  2260 | Temple   | Entered the Ecumenical Temple
  2263 | Temple   | 2263 ||| PLANNING OKAWARU WORSHIP
  2329 | Temple   | Became a worshipper of Warmaster Okawaru
  2330 | Temple   | 2330 ||| PLANNING D:1-11
  2368 | D:4      | Found a snail-covered altar of Cheibriados.
  2372 | D:4      | Noticed a sky beast
  2378 | D:4      | Killed a sky beast
  2379 | D:4      | Reached skill level 9 in Ranged Weapons
  2379 | D:4      | Reached XP level 6. HP: 34/34 MP: 8/8
  2701 | D:4      | Reached * piety under Okawaru
  2702 | D:4      | Reached skill level 10 in Ranged Weapons
  2702 | D:4      | Reached XP level 7. HP: 40/40 MP: 9/9
  2955 | D:4      | 2955 ||| READING scroll labelled XEXZAU GUTAXT.
  2956 | D:4      | 2956 ||| DRINKING 2 yellow potions.
  2957 | D:4      | 2957 ||| DROPPING potion of invisibility.
  2974 | D:5      | Entered Level 5 of the Dungeon
  2975 | D:5      | 2975 ||| PLANNING OSSUARY
  3013 | D:5      | 3013 ||| INVOKING Heroism.
  3047 | D:5      | Found a sand-covered staircase.
  3048 | D:5      | 3048 ||| UPGRADING to ring of protection from cold.
  3057 | Ossuary  | Entered an ossuary
  3219 | D:5      | 3219 ||| PLANNING D:1-11
  3224 | D:5      | Reached skill level 11 in Ranged Weapons
  3225 | D:5      | 3225 ||| INVOKING Heroism.
  3392 | D:5      | Reached skill level 1 in Invocations
  3445 | D:5      | 3445 ||| INVOKING Heroism.
  3546 | D:5      | Reached XP level 8. HP: 44/44 MP: 11/11
  3553 | D:5      | Reached skill level 12 in Ranged Weapons
  3563 | D:5      | Reached skill level 3 in Invocations
  3765 | D:5      | 3765 ||| READING scroll labelled ULUECI TIPUAKE.
  3766 | D:5      | 3766 ||| READING scroll labelled UPTYLY REOLASH.
  3767 | D:5      | 3767 ||| READING scroll labelled QENUS IPTUR.
  3768 | D:5      | 3768 ||| DRINKING 3 murky emerald potions.
  3769 | D:5      | 3769 ||| DROPPING 2 potions of degeneration.
  3888 | D:6      | Found a burning altar of Makhleb.
  3963 | D:6      | 3963 ||| INVOKING Heroism.
  3964 | D:6      | Noticed Eustachio
  3966 | D:6      | Reached skill level 3 in Fighting
  3977 | D:6      | Killed Eustachio
  3978 | D:6      | Reached skill level 1 in Armour
  4023 | D:6      | 4023 ||| INVOKING Heroism.
  4093 | D:6      | Found a runed translucent door.
  4094 | D:6      | Noticed Crazy Yiuf
  4109 | D:6      | 4109 ||| INVOKING Heroism.
  4130 | D:6      | Noticed Sigmund
  4131 | D:6      | 4131 ||| INVOKING Heroism.
  4133 | D:6      | Killed Sigmund
  4342 | D:6      | Reached skill level 13 in Ranged Weapons
  4363 | D:6      | 4363 ||| INVOKING Heroism.
  4376 | D:6      | Reached XP level 9. HP: 34/50 MP: 12/14
  4382 | D:6      | 4382 ||| INVOKING Heroism.
  4543 | D:6      | 4543 ||| DROPPING +0 robe of willpower.
  4544 | D:6      | 4544 ||| DRINKING 3 lumpy purple potions.
  4545 | D:6      | 4545 ||| READING 2 scrolls of identify.
  4545 | D:6      | 4545 ||| IDENTIFYING fizzy emerald potion
  4702 | D:7      | Noticed Maggie
  4708 | D:7      | Killed Maggie
  4709 | D:7      | Reached skill level 14 in Ranged Weapons
  4713 | D:7      | 4713 ||| INVOKING Heroism.
  4715 | D:7      | Reached skill level 6 in Dodging
  4832 | D:7      | 4832 ||| INVOKING Heroism.
  4836 | D:7      | 4836 ||| Stepping ~*~*~tactically~*~*~ (outnumbered).
  5039 | D:7      | Reached skill level 15 in Ranged Weapons
  5047 | D:7      | Found an ornate altar of the Wu Jian Council.
  5132 | D:7      | Noticed Joseph
  5133 | D:7      | 5133 ||| FLEEEEING.
  5134 | D:7      | 5134 ||| FLEEEEING.
  5135 | D:7      | 5135 ||| FLEEEEING.
  5136 | D:7      | 5136 ||| FLEEEEING.
  5148 | D:7      | 5148 ||| FLEEEEING.
  5149 | D:7      | 5149 ||| FLEEEEING.
  5154 | D:7      | 5154 ||| FLEEEEING.
  5162 | D:7      | Noticed a cyclops
  5163 | D:7      | 5163 ||| INVOKING Heroism.
  5170 | D:7      | HP: 12/50 [Joseph/sling bullet (1)]
  5171 | D:7      | 5171 ||| READING 4 scrolls of teleportation.
  5174 | D:7      | Killed Joseph
  5174 | D:7      | Reached ** piety under Okawaru
  5481 | D:7      | 5481 ||| INVOKING Heroism.
  5491 | D:7      | Killed a cyclops
  5492 | D:7      | Reached XP level 10. HP: 57/57 MP: 13/15
  5563 | D:7      | 5563 ||| DROPPING amulet of magic regeneration.
  5564 | D:7      | 5564 ||| READING scroll labelled FEFIV UMUYXOXE.
  5621 | D:8      | 5621 ||| Stepping ~*~*~tactically~*~*~ (outnumbered).
  5623 | D:8      | 5623 ||| INVOKING Heroism.
  5624 | D:8      | 5624 ||| Stepping ~*~*~tactically~*~*~ (outnumbered).
  5640 | D:8      | Reached skill level 16 in Ranged Weapons
  5656 | D:8      | 5656 ||| FLEEEEING.
  5657 | D:8      | 5657 ||| STAIRDANCE
  5708 | D:8      | 5708 ||| Stepping ~*~*~tactically~*~*~ (outnumbered).
  5709 | D:8      | 5709 ||| FLEEEEING.
  5710 | D:8      | 5710 ||| STAIRDANCE
  5712 | D:7      | 5712 ||| INVOKING Heroism.
  5795 | D:8      | 5795 ||| STAIRDANCE
  5798 | D:7      | 5798 ||| INVOKING Heroism.
  5863 | D:8      | 5863 ||| STAIRDANCE
  5867 | D:7      | 5867 ||| INVOKING Heroism.
  5878 | D:7      | 5878 ||| READING 3 scrolls of teleportation.
  5878 | D:7      | HP: 10/53 [wight/+4 war axe (4)]
  5878 | D:7      | HP: 2/53 [wight/+2 scimitar (8)]
  5879 | D:7      | 5879 ||| DRINKING potion of heal wounds.
  5884 | D:7      | 5884 ||| INVOKING Heroism.
  6063 | D:8      | 6063 ||| STAIRDANCE
  6068 | D:7      | 6068 ||| INVOKING Heroism.
  6157 | D:8      | Noticed a two-headed ogre
  6158 | D:8      | 6158 ||| INVOKING Heroism.
  6163 | D:8      | Killed a two-headed ogre
  6252 | D:8      | Reached skill level 17 in Ranged Weapons
  6277 | D:8      | 6277 ||| Stepping ~*~*~tactically~*~*~ (outnumbered).
  6282 | D:8      | 6282 ||| Stepping ~*~*~tactically~*~*~ (outnumbered).
  6409 | D:8      | 6409 ||| INVOKING Heroism.
  6522 | D:8      | Found a staircase to the Lair.
  6552 | D:8      | Reached skill level 18 in Ranged Weapons
  6565 | D:8      | Reached *** piety under Okawaru
  6633 | D:8      | Found Usuov's Lightly-Used Armoury.
  6640 | D:8      | 6640 ||| SHOPLISTING -1 pearl dragon scales (1425 gold,
                  | have 414).
  6640 | D:8      | 6640 ||| BUYING -2 triple crossbow (1 gold).
  6640 | D:8      | Bought a -2 triple crossbow for 1 gold piece
  6640 | D:8      | 6640 ||| SWAPPING to -2 triple crossbow.
  6641 | D:8      | 6641 ||| DROPPING +1 longbow of draining.
  6701 | D:8      | Identified the +6 spear of Truncation {heavy, Will+ Int+3}
  6945 | D:8      | 6945 ||| PLANNING LAIR
  6945 | D:8      | 6945 ||| DROPPING ring of magical power.
  6946 | D:8      | 6946 ||| READING scroll labelled LUYRRO MIESTRORAZA.
  6947 | D:8      | 6947 ||| READING 2 scrolls of identify.
  6947 | D:8      | 6947 ||| IDENTIFYING coppery potion
  6978 | Lair:1   | Entered Level 1 of the Lair of Beasts
  6981 | Lair:1   | Noticed Fannar
  6988 | Lair:1   | 6988 ||| STAIRDANCE
  6993 | D:8      | 6993 ||| INVOKING Heroism.
  7004 | D:8      | HP: 14/59 [bullfrog (2)]
  7005 | D:8      | 7005 ||| READING 2 scrolls of teleportation.
  7216 | Lair:1   | 7216 ||| STAIRDANCE
  7219 | D:8      | 7219 ||| INVOKING Heroism.
  7223 | D:8      | HP: 14/59 [yak (11)]
  7224 | D:8      | 7224 ||| READING scroll of teleportation.
  7227 | D:8      | Reached XP level 11. HP: 9/63 MP: 14/16
  7229 | D:8      | 7229 ||| FLEEEEING.
  7230 | D:8      | 7230 ||| FLEEEEING.
  7231 | D:8      | 7231 ||| FLEEEEING.
  7232 | D:8      | 7232 ||| FLEEEEING.
  7233 | D:8      | 7233 ||| FLEEEEING.
  7234 | D:8      | 7234 ||| FLEEEEING.
  7235 | D:8      | 7235 ||| FLEEEEING.
  7236 | D:8      | 7236 ||| FLEEEEING.
  7237 | D:8      | 7237 ||| FLEEEEING.
  7238 | D:8      | 7238 ||| FLEEEEING.
  7239 | D:8      | 7239 ||| STAIRDANCE
  7406 | D:8      | 7406 ||| STAIRDANCE
  7410 | D:7      | 7410 ||| INVOKING Heroism.
  7498 | Lair:1   | 7498 ||| STAIRDANCE
  7500 | D:8      | 7500 ||| INVOKING Heroism.
  7502 | D:8      | HP: 14/63 [yak (3)]
  7503 | D:8      | HP: 4/63 [yak (10)]
  7504 | D:8      | Slain by a yak

Levels and vault maps discovered:
D:1:      erik_arrival_blinker_ship, layout_rooms,
          shapermc_ecumenical_altar_pompeii, grunt_decor_mini_mirrors,
          minmay_misc_feat_rows, minmay_misc_feat_plants
D:2:      layout_basic, serial_shops, nicolae_shop_stone, basic_altar
D:3:      layout_loops_ring, mainiacjoe_overflow_tiny_flanked, uniq_ijyb
D:4:      layout_basic, mainiacjoe_overflow_alcove_2,
          minmay_temple_entry_water_ring, hangedman_abyss_or_decor_stagger,
          minmay_quantized
D:5:      layout_cave_pools, nicolae_ossuary_entry_ruins, minivault_4
D:6:      layout_basic, bloody_makhleb, uniq_sigmund, uniq_eustachio,
          uniq_crazy_yiuf_cottage
D:7:      layout_loops_ring, lemuel_round_altar, uniq_maggie, uniq_joseph
D:8:      layout_basic, due_lair_maze_entry_diamond, minmay_shop_damaged,
          minmay_fractal_squares_diagonal_5
Temple:   nicolae_temple_x_marks_the_god
Lair:1:   layout_chaotic_city, hellmonk_ghost_happy_afterlife,
          grunt_forest_small_clearings, uniq_fannar

Skill      XL: |  1  2  3  4  5  6  7  8  9 10 |
---------------+-------------------------------+-----
Ranged Weapons | 6 7 8 9 10 11 13 15 18 | 18.4
Dodging        | 4 5 6 8 |  8.1
Fighting       | 2 3 4 5 |  5.0
Invocations    | 2 4 |  4.3
Armour         | 1 |  1.4
Stealth        | |  1.2

Action                     |  1- 3 |  4- 6 |  7- 9 | 10-12 || total
---------------------------+-------+-------+-------+-------++-------
   Fire: Shortbow          |    68 |       |       |       ||    68
         Longbow           |    14 |   105 |   283 |   131 ||   533
         Triple crossbow   |       |       |       |    56 ||    56
 Invoke: Heroism           |       |       |    13 |    12 ||    25
    Use: Scroll            |     5 |     2 |     6 |     6 ||    19
         Potion            |       |       |     3 |     1 ||     4
 Armour: Leather armour    |     4 |    21 |    47 |    73 ||   145
         Scale mail        |     1 |       |       |       ||     1
  Dodge: Dodged            |     8 |    37 |    77 |   241 ||   363

Table legend:
 A = Non-vault XP
 B = Vault XP
 C = Vault XP percentage of total XP
 D = Non-vault monster count
 E = Vault monster count
 F = Vault count percentage of total count
                 A         B        C        D         E       F
            +---------+---------+-------+---------+---------+-------
      Total |    7523 |    4192 |  35.8 |     177 |      40 |  18.4
            +---------+---------+-------+---------+---------+-------
        D:1 |      34 |       0 |   0.0 |      21 |       0 |   0.0
        D:2 |      41 |       0 |   0.0 |      14 |       0 |   0.0
        D:3 |      52 |      35 |  40.2 |      17 |       1 |   5.6
        D:4 |     512 |     134 |  20.7 |      15 |       5 |  25.0
        D:5 |     819 |       0 |   0.0 |      27 |       0 |   0.0
        D:6 |     702 |     410 |  36.9 |      22 |       2 |   8.3
        D:7 |    2691 |    1382 |  33.9 |      32 |       7 |  17.9
        D:8 |    2584 |    2114 |  45.0 |      28 |      10 |  26.3
     Lair:1 |      88 |       0 |   0.0 |       1 |       0 |   0.0
    Ossuary |       0 |     117 | 100.0 |       0 |      15 | 100.0
            +---------+---------+-------+---------+---------+-------
